AoeStats
← AiM | Facu1414

African Clearing

505387811Analyzed
4v4 RM · 23d ago on Sep 9, 2026· 48m 49s· 8 players
Game mode
Random Map
Map size
Large (8 player)
Population
200
Speed
Normal
Resources
Standard
Victory
Conquest
Starting age
Dark Age
Ending age
Imperial Age
RankedLock teamsTeams togetherTeam positionsShared explorationLock speedFull tech treeHidden civsTurbo modeCheats
Victory
Defeat
🇲🇽 Vietnamese · Mexico
1562
+12
🇦🇷 Cumans · Argentina
1543
+13
🇦🇷 Jurchens · Argentina
1528
+13
🇨🇳 Mongols · China
1417
+17
🇺🇸 Byzantines · United States
1504
-15
🇧🇷 Georgians · Brazil
1492
-15
🇺🇸 Mongols · United States
1465
-14
🇨🇦 Berbers · Canada
1391
-11
treehugger
5:49 Loom
14:23 Feudal Age
18:06 Castle Age
17:27 Double-Bit Axe
20:10 Bow Saw
24:28 Horse Collar
25:34 Fletching
31:23 Wheelbarrow
32:29 Bodkin Arrow
33:40 Thumb Ring
35:39 Ballistics
35:21 Padded Archer Armor
35:43 Gold Mining
36:54 Husbandry
41:11 Imperial Age
38:34 Stone Mining
39:22 Gold Shaft Mining
39:38 Bloodlines
41:20 Hand Cart
42:22 Scale Barding Armor
42:27 Forging
41:42 Elite Steppe Lancer
43:42 Conscription
45:34 Town Watch
46:26 Iron Casting
SkinnyPig
10:14 Loom
12:49 Feudal Age
14:18 Loom
18:04 Castle Age
17:21 Double-Bit Axe
17:19 Horse Collar
24:38 Fletching
26:44 Bodkin Arrow
29:03 Wheelbarrow
29:27 Padded Archer Armor
31:21 Hand Cart
32:42 Ballistics
36:46 Imperial Age
35:36 Bow Saw
36:30 Husbandry
36:40 Bloodlines
37:17 Cavalier
38:06 Scale Barding Armor
38:12 Forging
39:47 Conscription
40:30 Chain Barding Armor
42:40 Plate Barding Armor
42:41 Iron Casting
46:02 Town Watch
47:47 Blast Furnace
46:54 Light Cavalry
Mr. M
10:34 Feudal Age
11:09 Double-Bit Axe
11:04 Horse Collar
15:53 Loom
16:26 Forging
19:43 Scale Barding Armor
21:30 Bloodlines
26:26 Castle Age
27:24 Husbandry
27:46 Chain Barding Armor
27:51 Bow Saw
36:59 Heavy Plow
36:51 Stone Mining
36:52 Gold Mining
37:41 Wheelbarrow
41:37 Imperial Age
40:00 Iron Casting
42:58 Plate Barding Armor
42:25 Elite Monaspa
45:19 Blast Furnace
46:35 Conscription
Gush
9:52 Loom
12:01 Feudal Age
12:39 Double-Bit Axe
18:45 Castle Age
16:45 Horse Collar
20:15 Bow Saw
21:42 Wheelbarrow
26:33 Scale Barding Armor
28:04 Husbandry
29:32 Heavy Plow
34:03 Imperial Age
32:06 Chain Barding Armor
33:13 Forging
34:47 Iron Casting
34:20 Heavy Camel Rider
35:21 Conscription
35:38 Plate Barding Armor
36:23 Hand Cart
36:40 Fletching
37:16 Treadmill Crane
37:57 Ballistics
37:43 Light Cavalry
38:44 Cavalier
40:11 Paladin
41:11 Hussar
43:56 Bodkin Arrow
44:02 Scale Mail Armor
44:57 Squires
45:52 Pikeman
AiM | Facu1414
10:37 Loom
12:57 Feudal Age
16:46 Castle Age
15:00 Double-Bit Axe
16:02 Fletching
17:39 Bodkin Arrow
23:27 Horse Collar
26:17 Elite Skirmisher
30:32 Padded Archer Armor
32:18 Wheelbarrow
31:28 Town Watch
32:17 Bow Saw
32:45 Leather Archer Armor
33:42 Scale Barding Armor
33:47 Forging
34:45 Heavy Plow
36:27 Bloodlines
37:05 Hand Cart
41:01 Imperial Age
41:08 Imperial Age
39:17 Thumb Ring
38:50 Pikeman
40:15 Squires
40:20 Scale Mail Armor
40:30 Forging
41:44 Chain Mail Armor
41:18 Halberdier
42:30 Ring Archer Armor
43:27 Two-Man Saw
43:20 Conscription
44:21 Plate Mail Armor
44:26 Iron Casting
43:28 Imperial Skirmisher
43:35 Capped Ram
44:43 Siege Ram
46:38 Crop Rotation
46:01 Gold Mining
47:41 Chemistry
47:09 Ballistics
47:29 Town Patrol
48:32 Blast Furnace
47:20 Arson
AIM | Agua cate 98
3:03 Loom
12:07 Feudal Age
15:44 Forging
15:52 Horse Collar
16:00 Town Watch
17:36 Bloodlines
18:22 Scale Barding Armor
20:08 Double-Bit Axe
25:35 Castle Age
24:51 Horse Collar
25:48 Gold Mining
25:42 Light Cavalry
26:59 Iron Casting
26:48 Husbandry
28:19 Heavy Plow
29:27 Chain Barding Armor
36:10 Wheelbarrow
40:45 Imperial Age
39:54 Hand Cart
40:56 Elite Steppe Lancer
42:32 Plate Barding Armor
42:58 Blast Furnace
43:34 Man-at-Arms
47:26 Conscription
很蓝的啦
11:24 Feudal Age
12:03 Double-Bit Axe
12:17 Town Watch
13:25 Loom
14:04 Gold Mining
15:37 Bloodlines
16:37 Wheelbarrow
16:30 Scale Barding Armor
16:57 Bloodlines
17:12 Forging
20:15 Horse Collar
23:57 Stone Mining
28:17 Castle Age
26:26 Fletching
26:36 Padded Archer Armor
29:21 Bow Saw
29:50 Stone Shaft Mining
29:16 Heavy Plow
29:53 Gold Shaft Mining
28:43 Light Cavalry
30:35 Bodkin Arrow
36:36 Thumb Ring
37:10 Hand Cart
39:43 Town Patrol
40:22 Leather Archer Armor
40:59 Nomads
44:51 Imperial Age
44:53 Ballistics
45:48 Husbandry
46:15 Bracer
47:30 Chemistry
46:14 Capped Ram
47:36 Parthian Tactics
47:44 Conscription
48:22 Chain Barding Armor
47:45 Elite Mangudai
49:07 Drill
AiM | Fubuki Sinri
11:07 Loom
12:52 Feudal Age
14:38 Double-Bit Axe
17:11 Castle Age
19:07 Bow Saw
23:37 Horse Collar
26:32 Wheelbarrow
26:40 Wheelbarrow
27:24 Fletching
28:28 Hand Cart
28:21 Town Watch
28:53 Heavy Plow
30:33 Ballistics
30:51 Gold Mining
30:52 Stone Mining
31:28 Bodkin Arrow
34:26 Imperial Age
32:09 Padded Archer Armor
33:21 Stone Shaft Mining
33:23 Leather Archer Armor
34:32 Crossbowman
35:20 Thumb Ring
34:38 Elite Rattan Archer
35:19 Bracer
35:50 Ring Archer Armor
37:35 Chemistry
39:31 Two-Man Saw
39:37 Crop Rotation
39:47 Town Patrol
41:17 Siege Engineers
46:00 Scale Mail Armor
46:10 Forging
45:24 Elite Fire Lancer
46:05 Squires
45:51 Arson
47:12 Chain Mail Armor
47:33 Iron Casting
48:29 Plate Mail Armor
Connection lost

Rejoining the realm…

Still unreachable

The connection could not be restored.

Session expired

The server has moved on; the page needs a fresh start.